Unix NetHack Version 5.0.0-0 post-release - last build Jun 10 2026 00:39:30 (3ee93aec679c4c4259841fe613dc97188e26a321,branch:main).

Game began 2026-07-06 18:13:18, ended 2026-07-06 20:30:05.

ARFwashere, neutral male human Tourist

            -----------
            |.........|
            |.........|    ---------------------------------
            |..........##  |...............................|
            |..<......| #  |..-----..--|----.-----....---- |
            --------.-- #  |..|((.|..|..|..-.|...|.---|..| |
                    a   # #|..|($(|..|..|..|.|._.|.|..|..|.|
                   @#   ###|..|...|.--------.|.$.|.|..|-|-.|
                  ##     ##...---+-.|//$-....-...|.|..|....|
              ###)#       #|........|   |....|----.-|--..{.|
              #            |.-----..-----.-|-|..-..........|
              #            |.|!%$|........|..|  |..-|--....|
         ##########        |.|%%.-....---||..|----.|..||--.|
      ---.---|-            |.-----.---|..$|--|/).|.|..|..|.|
      |..^....|            |.......|..|(((|..|!$.+.---|..| |
      |.......|            |......)-).|(+(|..|**.|....|..|
      |.......|            |.{.....---------|-----....---- |
      |>......|            |...............................|
      ---------            ---------------------------------

ARFwashere the Excursionist  St:12 Dx:16 Co:15 In:15 Wi:8 Ch:14  Neutral
Dlvl:8  $:135 HP:0(58) Pw:34(34) AC:-3 Xp:8 T:6982  Burdened

Latest messages:
 q - an uncursed flint stone.
 o - 2 uncursed scrolls of confuse monster.
 You stop.  The watchman is in the way!
 You hit the soldier ant.
 The soldier ant bites!
 The soldier ant misses!
 The soldier ant misses!
 The soldier ant stings!
 You hit the soldier ant.
 The soldier ant bites!
 The soldier ant misses!
 The soldier ant misses!
 The soldier ant misses!
 What do you want to drink? [gsFJ or ?*] ?
 You feel much better.
 The soldier ant misses!
 The soldier ant misses!
 The soldier ant bites!
 The soldier ant misses!
 The soldier ant bites!
 The soldier ant stings!
 You hit the soldier ant.
 The soldier ant bites!
 The soldier ant stings!
 You hit the soldier ant.
 The soldier ant misses!
 The soldier ant misses!
 You hit the soldier ant.
 The soldier ant bites!
 The soldier ant misses!
 The soldier ant bites!
 The soldier ant stings!
 You miss the soldier ant.
 The soldier ant bites!
 The soldier ant stings!
 You hit the soldier ant.
 The soldier ant misses!
 The soldier ant misses!
 You hit the soldier ant.
 The soldier ant bites!
 The soldier ant stings!
 The soldier ant bites!
 The soldier ant stings!
 The soldier ant bites!
 You die...
 Do you want your possessions identified? [ynq] (y) y
 Do you want to see your attributes? [ynq] (y) y
 Do you want an account of creatures vanquished? [ynaq] (y) y
 Do you want to see your conduct and achievements? [ynq] (y) y
 Do you want to see the dungeon overview? [ynq] (y) y

Inventory:
 Coins    ('$')
  $ - 135 gold pieces
 Weapons  (')')
  U - 18 blessed +2 darts
  w - a +0 dart
  d - a blessed +1 dagger
  Z - 5 +0 daggers
  a - the +0 Sting (weapon in right hand)
 Armor    ('[')
  z - an uncursed +0 dwarvish iron helm (being worn)
  X - an uncursed +0 pair of iron shoes (being worn)
  E - an uncursed +0 cloak of displacement
  e - a blessed +2 elven cloak (being worn)
  D - an uncursed +0 Hawaiian shirt with an orchid motif (being worn)
  y - a cursed +0 dwarvish mithril-coat (being worn)
 Comestibles  ('%')
  Q - 2 uncursed slime molds
  P - an uncursed cram ration
  c - 5 uncursed food rations
  b - 3 uncursed pancakes
  x - an uncursed tripe ration
  K - an uncursed lizard corpse
 Scrolls  ('?')
  H - an uncursed scroll of amnesia
  N - a blessed scroll of blank paper
  B - an uncursed scroll of blank paper
  o - 2 uncursed scrolls of confuse monster
  t - an uncursed scroll of destroy armor
  u - a cursed scroll of enchant armor
  h - 4 uncursed scrolls of magic mapping
  f - an uncursed scroll of remove curse
 Potions  ('!')
  s - an uncursed potion of gain ability
  J - a blessed potion of restore ability
  F - 2 uncursed potions of see invisible
 Rings    ('=')
  v - an uncursed +1 ring of adornment
 Wands    ('/')
  O - a wand of cancellation (0:7)
  I - a wand of create monster (0:10)
 Tools    ('(')
  i - an empty uncursed sack
  j - an expensive camera (0:69)
  R - an expensive camera (0:61)
  k - an uncursed skeleton key
  l - an uncursed tin opener
  G - an uncursed towel
 Gems/Stones  ('*')
  V - an uncursed garnet stone
  A - an uncursed worthless piece of black glass
  S - 3 uncursed worthless pieces of blue glass
  m - an uncursed worthless piece of orange glass
  T - an uncursed worthless piece of red glass
  Y - an uncursed worthless piece of violet glass
  C - 3 uncursed worthless pieces of white glass
  W - an uncursed worthless piece of yellow glass
  q - an uncursed flint stone

ARFwashere the Tourist's attributes:

Background:
 You were an Excursionist, a level 8 male human Tourist.
 You were neutral, on a mission for The Lady
 who was opposed by Blind Io (lawful) and Offler (chaotic).
 You were right-handed.
 You were in the Gnomish Mines, on level 8.
 You entered the dungeon 6982 turns ago.
 You had 1321 experience points, 1239 more were needed to attain level 9.

Basics:
 You had 0 out of 58 hit points.
 You had all 34 energy points (spell power).
 Your armor class was -3.
 Your wallet contained 135 zorkmids.
 Autopickup was on for '$' plus thrown.

Final Characteristics:
 Your strength was 12 (limit:18/100).
 Your dexterity was 16 (limit:18).
 Your constitution was 15 (limit:18).
 Your intelligence was 15 (limit:18).
 Your wisdom was 8 (limit:18).
 Your charisma was 14 (limit:18).

Final Status:
 You weren't hungry.
 You were burdened; movement was slightly slowed.
 You were wielding a dagger.
 You had basic skill with dagger.

Final Attributes:
 You were piously aligned.
 You were telepathic.
 You were aware of the presence of orcs.
 You were stealthy.
 You were guarded.
 Your spell casting was impaired by metallic armor.
 You are dead.

Miscellaneous:
 You didn't encounter any bones levels.
 Total elapsed playing time was 2 hours, 16 minutes and 46 seconds.

Major events:
 Turn
    1: ARFwashere the neutral male human Tourist entered the dungeon
 1162: attained the rank of Sightseer (level 3)
 2294: entered the Gnomish Mines
 2822: attained the rank of Excursionist (level 6)
 5167: chose a runed dagger to be named "Sting"
 6411: reached Mine Town
 6982: killed by a soldier ant

Spells:
 Name                 Level Category     Fail Retention
 create monster         2   clerical     100%  76%-100%

Skills:
 Fighting Skills
   bare handed combat [Unskilled]
   two weapon combat  [Unskilled]
   riding             [Unskilled]
 Weapon Skills
   dagger             [Basic]
   knife              [Unskilled]
   axe                [Unskilled]
   pick-axe           [Unskilled]
   short sword        [Unskilled]
   broadsword         [Unskilled]
   long sword         [Unskilled]
   two-handed sword   [Unskilled]
   saber              [Unskilled]
   mace               [Unskilled]
   morning star       [Unskilled]
   flail              [Unskilled]
   hammer             [Unskilled]
   quarterstaff       [Unskilled]
   polearms           [Unskilled]
   spear              [Unskilled]
   trident            [Unskilled]
   lance              [Unskilled]
   bow                [Unskilled]
   sling              [Unskilled]
   crossbow           [Unskilled]
   dart               [Basic]
   shuriken           [Unskilled]
   boomerang          [Unskilled]
   whip               [Unskilled]
   unicorn horn       [Unskilled]
 Spellcasting Skills
   divination spells  [Unskilled]
   enchantment spells [Unskilled]
   escape spells      [Unskilled]

Voluntary challenges:
 Character rerolling was not enabled.
 You never genocided any monsters.
 You never polymorphed an object.
 You never changed form.
 You used no wishes.
Achievements:
 You entered a shop.
 You attained the rank of Sightseer.
 You entered the Gnomish Mines.
 You attained the rank of Excursionist.
 You entered Minetown.
 You entered a temple.

 The Dungeons of Doom: levels 1 to 5
    Level 1:
    Level 2:
       A food shop, a fountain.
    Level 3:
       A general store, a sink.
    Level 4:
       A fountain.
       Stairs down to The Gnomish Mines.
    Level 5:
 The Gnomish Mines: levels 5 to 9
    Level 5:
    Level 6:
    Level 7:
    Level 8: <- You were here.
       Many shops, a temple and an altar, some fountains.
       Final resting place for
          you, killed by a soldier ant.
    Level 9:


Vanquished creatures:
  a small mimic
  a large dog
 an elf mummy
  a giant beetle
  a wolf
  a leprechaun
  a gnome ruler
 an orc mummy
  2 lizards
  a dingo
  a jaguar
  a dwarf leader
  a plains centaur
 an ape
  a Woodland-elf
 an imp
  4 Mordor orcs
  a rock piercer
  7 gnome leaders
  3 gnomish wizards
  2 kobold mummies
  a gray ooze
 an elf zombie
  a little dog
  3 floating eyes
  2 kittens
  6 dwarves
  a homunculus
  a kobold leader
  a kobold shaman
  2 rothes
  a centipede
  8 orc zombies
  a wererat
  2 werejackals
  3 iguanas
 an acid blob
  a gas spore
  2 hobbits
  3 manes
  a large kobold
  a hobgoblin
  2 giant rats
  3 cave spiders
  a brown mold
  a yellow mold
  a green mold
  2 red molds
 30 gnomes
  5 garter snakes
  a gnome zombie
  6 geckos
  9 jackals
  3 kobolds
  a goblin
  3 grid bugs
  a bat
  7 lichens
  2 kobold zombies
  8 newts
163 creatures vanquished.

No species were genocided or became extinct.

Game over:
                       ----------
                      /          \
                     /    REST    \
                    /      IN      \
                   /     PEACE      \
                  /                  \
                  |    ARFwashere    |
                  |      135 Au      |
                  |   killed by a    |
                  |   soldier ant    |
                  |                  |
                  |                  |
                  |       2026       |
                 *|     *  *  *      | *
        _________)/\\_//(\/(/\)/\//\/|_)_______

Aloha ARFwashere the Tourist...

You died in The Gnomish Mines on dungeon level 8 with 5754 points,
and 135 pieces of gold, after 6982 moves.
You were level 8 with a maximum of 58 hit points when you died.

